 Dungeon Crawl Stone Soup version 0.27-a0-1365-ge71e8f7681 (webtiles) character file.

Game seed: 6558256418818358538

235180 AarnesTheHuman the Executioner (level 18, -6/264 HPs)
             Began as a Minotaur Berserker on June 15, 2021.
             Was a High Priest of Trog.
             Mangled by a hornet (11 damage)
             ... on level 4 of the Spider Nest on June 28, 2021.
             The game lasted 04:09:05 (35198 turns).

AarnesTheHuman the Executioner (MiBe)              Turns: 35198, Time: 04:09:05

Health: -6/264     AC: 34    Str: 35      XL:     18   Next: 90%
Magic:  5/17       EV:  9    Int:  1      God:    Trog [*****.]
Gold:   2665       SH:  0    Dex: 13 (14) Spells: 17/17 levels left

rFire    + . .     SeeInvis .   b - +4 executioner's axe of Insufficient Pleasure {drain, Fly rElec rC+ Dex-2}
rCold    + + +     Faith    .   (shield currently unavailable)
rNeg     . . .     Spirit   .   P - +1 crystal plate armour
rPois    +         Reflect  .   w - +2 hat
rElec    +         Harm     .   e - +2 cloak of Agnosticism {rElec rCorr Str+7 Int-5}
rCorr    +         Rampage  .   Z - -2 pair of gloves of Adoarah {+Blink rPois rC+}
Will     +++..                  j - +0 pair of boots
Stlth    ..........             z - amulet of regeneration
HPRegen  2.54/turn              l - ring of Dypsucs {rElec rPois rF+ rC+ Dex+6}
MPRegen  0.15/turn              r - +4 ring of slaying

@: berserking (expiring), lethally poisoned (-6 -> -10), strong-willed, flying,
very slightly contaminated, regenerating, invisible, very quick
A: horns 2, retaliatory headbutt
}: 1/15 runes: decaying
a: Renounce Religion, Evoke Blink, Berserk, Trog's Hand, Brothers in Arms


You were on level 4 of the Spider Nest.
You worshipped Trog.
Trog was extremely pleased with you.
You visited 6 branches of the dungeon, and saw 32 of its levels.
You also visited: Sewer, Bailey, Gauntlet and Ice Cave.

You collected 6140 gold pieces.
You spent 3475 gold pieces at shops.

Inventory:

Hand Weapons
 a - the +6 arbalest "Damnation" {damnation}
   (You found it on level 13 of the Dungeon)
 b - the +4 executioner's axe of Insufficient Pleasure (weapon) {drain, Fly rElec rC+ Dex-2}
   (You acquired it on level 2 of the Orcish Mines)

   A truly terrible weapon, it drains the life of those it strikes.
   Dex:       It affects your dexterity (-2).
   rC:        It protects you from cold.
   rElec:     It insulates you from electricity.
   Fly:       It grants you flight.
 c - a +2 arbalest of flaming
Missiles
 A - 173 bolts
Armour
 e - the +2 cloak of Agnosticism (worn) {rElec rCorr Str+7 Int-5}
   (You found it on level 4 of the Dungeon)

   Str:       It affects your strength (+7).
   Int:       It affects your intelligence (-5).
   rElec:     It insulates you from electricity.
   rCorr:     It protects you from acid and corrosion.
 j - a +0 pair of boots (worn)
 w - a +2 hat (worn)
 I - the +0 pair of gloves of Marbles {rF+ Dex+4}
   (You found it in a Gauntlet)

   Dex:       It affects your dexterity (+4).
   rF:        It protects you from fire.
 P - a +1 crystal plate armour (worn)
 Z - the -2 pair of gloves of Adoarah (worn) {+Blink rPois rC+}
   (You found it in an ice cave)

   rC:        It protects you from cold.
   rPois:     It protects you from poison.
   +Blink:    It lets you blink.
Jewellery
 l - the ring of Dypsucs (left hand) {rElec rPois rF+ rC+ Dex+6}
   (You found it on level 15 of the Dungeon)

   [ring of protection from fire]

   Dex:       It affects your dexterity (+6).
   rF:        It protects you from fire.
   rC:        It protects you from cold.
   rElec:     It insulates you from electricity.
   rPois:     It protects you from poison.
 o - a ring of see invisible
 r - a +4 ring of slaying (right hand)
 s - the ring of Naamien {rF+ rC+ Str+2 Dex+2}
   (You acquired it on level 7 of the Dungeon)

   [ring of protection from fire]

   Str:       It affects your strength (+2).
   Dex:       It affects your dexterity (+2).
   rF:        It protects you from fire.
   rC:        It protects you from cold.
 z - an amulet of regeneration (around neck)
 C - a ring of protection from fire
 V - a ring of positive energy
 Y - a +6 ring of strength
Wands
 t - a wand of digging (10)
 x - a wand of acid (15)
 E - a wand of flame (137)
 F - a wand of charming (3)
 S - a wand of iceblast (22)
Scrolls
 g - 5 scrolls of magic mapping
 m - a scroll of fog
 p - 11 scrolls of identify
 q - 3 scrolls of summoning
 v - 3 scrolls of fear
 y - 2 scrolls of holy word
 B - 3 scrolls of enchant weapon
 G - 2 scrolls of brand weapon
 K - 6 scrolls of blinking
 O - 9 scrolls of teleportation
Potions
 d - 17 potions of curing
 f - 10 potions of attraction
 h - 4 potions of invisibility
 i - 3 potions of cancellation
 n - a potion of ambrosia
 u - 4 potions of heal wounds
 J - 5 potions of might
 L - 2 potions of mutation
 M - 10 potions of lignification
 N - 2 potions of flight
 Q - 3 potions of haste
 R - 3 potions of resistance
Miscellaneous
 k - a phantom mirror
 D - a condenser vane


   Skills:
 + Level 19.4 Fighting
 * Level 22.1 Axes
 - Level 18.0 Crossbows
 + Level 18.5 Armour
 - Level 4.2 Dodging
 + Level 4.5 Evocations


You had 17 spell levels left.
You didn't know any spells.
Your spell library was empty.

Dungeon Overview and Level Annotations

Branches:
Dungeon (15/15)            Temple (0/1) D:6            Lair (6/6) D:10
  Swamp (4/4) Lair:4       Spider (4/4) Lair:4        Slime (0/5) Lair:6
    Orc (2/2) D:10            Elf (0/3) Orc:2        Vaults (1/5) D:14
 Depths (0/5) D:15          Sewer (visited)          Bailey (visited)
  IceCv (visited)         Gauntlet (visited)

Altars:
Cheibriados
Fedhas
Hepliaklqana
Okawaru
Qazlal
Ru
Sif Muna
Trog
Xom
Zin
Beogh
Jiyva

Shops:
D:4 *((*(   D:8 (   D:9 :   D:10 *   Orc:2 **?[

Annotations:
D:7 3 runed translucent doors, exclusion: 3 doors, Johnny's ghost, novice DEEE
D:8 exclusion: downstairs
D:9 2 runed translucent doors, exclusion: orange crystal statue
Lair:6 1 runed translucent door, exclusions: door and obsidian statue, 27snakeeyes612's ghost, journeyman GnFi
Swamp:3 exclusion: downstairs
Swamp:4 3 runed translucent doors, exclusion: 3 doors, Bapho's ghost, adept GnCj
Orc:1 1 runed translucent door, exclusion: door, cirn0's ghost, journeyman DECj


Innate Abilities, Weirdness & Mutations

You have a pair of horns on your head.
You reflexively headbutt those who attack you in melee.


Message History

Trog accepts your kill.
Reactivating autopickup.
You feel a bit more experienced.
You feel extremely sick.
You feel extremely sick.
The emperor scorpion stings you but does no damage.
The emperor scorpion claws you but does no damage.
The emperor scorpion barely misses you.
There is a large open door here.
Things that are here:
a hornet corpse; an emperor scorpion corpse; a spark wasp corpse You slice the emperor scorpion like a ripe choko!!!
The emperor scorpion is moderately wounded.
You feel very sick.
You open the emperor scorpion like a pillowcase!!!
You headbutt the emperor scorpion!
The emperor scorpion is severely wounded.
You feel very sick. The emperor scorpion stings you!
* * * LOW HITPOINT WARNING * * *
The emperor scorpion closely misses you.
The emperor scorpion claws you but does no damage.
You are too berserk!
Unknown command.
You are too berserk!
You carve the emperor scorpion like a ham!!!
You kill the emperor scorpion!
Trog accepts your kill.
* * * LOW HITPOINT WARNING * * *
You feel very sick.
You carve the hornet like a ham!!!
You kill the hornet!
Trog accepts your kill.
* * * LOW HITPOINT WARNING * * *
You feel very sick.
You closely miss the hornet.
* * * LOW HITPOINT WARNING * * *
You feel very sick. The hornet stings you!
You die...

#..≈≈###^≈≈##≈...≈≈≈#
#≈....##.≈≈.##≈...≈## #
##≈...###.^.###≈≈..≈# ##
##...≈.##### ###≈..# .#
###..≈###### ##≈.# .#
##≈..##... ##.## .##
###..##... ####≈^# ..#
##≈≈..##..y##.....## ..#
##≈...≈# #@......≈#
..###≈.^.≈## #†..##≈.≈#
..''^^...≈###..†#####.≈.#
..''..^≈.^≈##... #≈..###
..''.^##..≈##..^ #≈.≈#
..###.##..≈##+## ##.≈#
..# ##.≈..## ###..≈# .^#
##...≈# ##.≈.≈##
.####...≈#### #....≈#


You could see a hornet.

Vanquished Creatures
  A thorn hunter (Swamp:2)
  Kirke (D:15)
  2 frost giants (D:15)
  2 ghost moths (Spider:4)
  Aizul (D:14)
  Louise (Lair:4)
  3 ghouls (Swamp:3)
  5 emperor scorpions
  An ironbound preserver (D:14)
  3 very ugly things
  2 dire elephants (Lair:6)
  5 entropy weavers
  2 spark wasps
  6 eleionomae
  3 ettins
  2 shambling mangroves (Swamp:4)
  5 ghost crabs
  A catoblepas (D:15)
  10 boulder beetles
  4 vault guards (D:15)
  27 hydras
  A spriggan air mage (Swamp:2)
  13 centaur warriors
  7 alligators
  3 two-headed ogres
  A death knight (D:13)
  3 tengu warriors (D:15)
  3 death yaks (Lair:6)
  A deep elf knight (D:15)
  A spectral death yak (Lair:6)
  A skeletal warrior (D:15)
  A bunyip zombie (Swamp:3)
  3 goliath frogs
  5 deep trolls
  3 spriggan druids
  10 swamp dragons
  2 bog bodies
  6 orc knights
  A deep elf zephyrmancer (D:15)
  33 wolf spiders
  An oklob plant (Lair:1)
  16 orb spiders
  5 necromancers
  A deep elf pyromancer (D:15)
  2 orc sorcerers
  11 cyclopes
  2 will-o-the-wisps
  23 ugly things
  3 moths of wrath
  6 manticores
  24 elephants
  An apocalypse crab (Gauntlet)
  4 black mambas
  A cane toad (shapeshifter) (D:15)
  2 gargoyles
  An ice statue (IceCv)
  An unseen horror (shapeshifter) (D:15)
  A hellion (D:13)
  A dire elephant skeleton (Lair:6)
  11 cane toads
  5 rime drakes
  2 bunyip simulacra (Swamp:3)
  4 efreet (D:13)
  6 freezing wraiths
  A minotaur zombie (Gauntlet)
  11 komodo dragons
  14 demonic crawlers
  2 tengu conjurers (D:15)
  2 golden dragon simulacra (IceCv)
  2 hydra zombies (Swamp:3)
  4 anaconda simulacra (IceCv)
  7 ice devils
  27 jumping spiders
  A troll (Orc:1)
  3 meliai (D:15)
  5 polar bears
  A harpy zombie (D:15)
  A meliai (shapeshifter) (D:14)
  7 blink frogs
  6 tyrant leeches
  14 hornets
  12 slime creatures
  A spectral elephant (Lair:6)
  6 centaur simulacra
  2 dire elephant simulacra (IceCv)
  A shadow (D:13)
  75 redbacks
  10 wyverns
  3 vampires
  12 spriggans
  A wraith (D:9)
  A yak (shapeshifter) (D:14)
  40 yaks
  24 tarantellas
  3 hogs (D:15)
  A fire elemental (Lair:6)
  2 steam dragons
  12 basilisks
  A harpy simulacrum (IceCv)
  19 vampire mosquitoes
  A warg (Orc:1)
  A swamp worm (shapeshifter) (D:14)
  2 iron troll simulacra (IceCv)
  11 swamp worms
  Duvessa (D:6)
  4 floating eyes (D:15)
  4 hydra simulacra (IceCv)
  18 water moccasins
  2 hell hounds (Lair:6)
  32 orc warriors
  12 swamp drakes
  A meliai simulacrum (Gauntlet)
  3 ice beasts
  2 alligator simulacra
  A necrophage (D:6)
  6 black bears
  An elephant zombie (Lair:6)
  2 swamp dragon zombies (Swamp:3)
  19 centaurs
  2 ogres
  3 ettin simulacra (IceCv)
  A boggart (D:13)
  2 elephant skeletons (Lair:6)
  2 kobold brigands (D:9)
  A gnoll sergeant (D:10)
  9 bullfrogs
  2 scorpions
  2 cane toad simulacra
  Dowan (D:6)
  4 killer bees (D:7)
  3 elephant simulacra (Lair:6)
  10 wights
  2 electric eels
  3 centaur zombies
  15 orc priests
  4 centaur skeletons
  A hound (D:6)
  A jelly (D:3)
  A bullfrog skeleton (D:5)
  A gnoll shaman (Orc:1)
  4 iguanas
  24 orc wizards
  2 polar bear simulacra (IceCv)
  6 hell rats (Lair:6)
  5 troll simulacra (IceCv)
  3 howler monkey zombies
  14 gnolls
  A howler monkey skeleton (D:7)
  7 adders
  A naga simulacrum (IceCv)
  3 ogre simulacra (IceCv)
  9 white imps
  8 ufetubi (IceCv)
  2 adder skeletons
  4 worms
  2 dart slugs
  68 orcs
  6 endoplasms
  16 giant cockroaches
  12 hobgoblins
  13 kobolds
  2 quokkas
  5 ball pythons
  12 bats
  A frilled lizard (D:2)
  4 goblins
  A rat (D:3)
  2 withered plants (Lair:6)
1083 creatures vanquished.

Vanquished Creatures (collateral kills)
  Mara (Spider:4)
  Arachne (Spider:3)
  An Ice Fiend (IceCv)
  An emperor scorpion (Spider:4)
  A ghost moth (Spider:3)
  A minotaur (Gauntlet)
  A spark wasp (Spider:3)
  2 hydras (Swamp:4)
  3 alligators
  3 orc high priests (Orc:2)
  A goliath frog (Swamp:1)
  A spectral anaconda (Lair:6)
  3 swamp dragons
  A glowing orange brain (D:15)
  2 bog bodies (Swamp:1)
  3 orc knights
  A wolf spider (Spider:3)
  A necromancer (Lair:6)
  2 orc sorcerers (Orc:2)
  A moth of wrath (Spider:4)
  A jumping spider (Spider:3)
  2 hornets
  A spriggan (Swamp:1)
  A swamp worm (Swamp:1)
  An iron troll simulacrum (IceCv)
  A swamp drake (Swamp:1)
  2 orc priests (Orc:2)
40 creatures vanquished.

Vanquished Creatures (others)
  A bog body (Swamp:4)
  2 bloated husks
  A hornet (Swamp:4)
  2 spriggans (Swamp:4)
  2 swamp worms (Swamp:4)
  An orc priest (Orc:1)
  A fire vortex (Lair:6)
  25 fungi
  22 plants
  28 withered plants
85 creatures vanquished.

Grand Total: 1208 creatures vanquished

Notes
Turn   | Place    | Note
-------+----------+-------------------------------------------
     0 | D:1      | AarnesTheHuman the Minotaur Berserker began the quest for
                  | the Orb.
     0 | D:1      | Reached XP level 1. HP: 19/19 MP: 0/0
   482 | D:1      | Reached XP level 2. HP: 16/27 MP: 1/1
  1210 | D:2      | Found a snail-covered altar of Cheibriados.
  1352 | D:2      | Found a faded altar of an unknown god.
  1390 | D:2      | Reached skill level 4 in Axes
  1390 | D:2      | Reached XP level 3. HP: 14/34 MP: 2/2
  1753 | D:2      | Reached ** piety under Trog
  2697 | D:3      | Reached XP level 4. HP: 41/41 MP: 3/3
  2769 | D:3      | Found a glowing silver altar of Zin.
  2769 | D:3      | Found a bloodstained altar of Trog.
  2771 | D:3      | Found a shimmering altar of Xom.
  3173 | D:3      | Reached skill level 5 in Fighting
  3179 | D:3      | Reached XP level 5. HP: 35/48 MP: 4/4
  3242 | D:4      | Found Ihor's Antique Weapon Emporium.
  3266 | D:4      | Found Seucwo's General Store.
  3271 | D:4      | Bought a scroll of identify for 20 gold pieces
  3302 | D:4      | Found Agotuyss's Assorted Antiques.
  3312 | D:4      | Found Atyrgh's Weapon Boutique.
  3377 | D:4      | Found Reokk's Weapon Boutique.
  3510 | D:4      | Identified the +2 cloak of Agnosticism {rElec rCorr Str+7
                  | Int-5}
  3522 | D:4      | Lost intelligence.
  3823 | D:5      | Entered Level 5 of the Dungeon
  3841 | D:5      | Reached XP level 6. HP: 54/57 MP: 5/5
  3860 | D:5      | Noticed an ice beast
  3889 | D:5      | Killed an ice beast
  3890 | D:5      | Reached skill level 5 in Axes
  4299 | D:5      | Found a glowing drain.
  4317 | Sewer    | Entered a sewer
  4338 | Sewer    | Noticed a water moccasin
  4347 | Sewer    | Killed a water moccasin
  4348 | Sewer    | Reached XP level 7. HP: 59/64 MP: 6/6
  4840 | D:4      | Bought a dazzling scythe for 168 gold pieces
  4840 | D:4      | Identified the +6 scythe of Rubbish {venom, rC++ Dex-2}
                  | (You bought it in a shop on level 4 of the Dungeon)
  4888 | D:6      | Found an iron altar of Okawaru.
  5032 | D:6      | Reached skill level 5 in Armour
  5081 | D:6      | Found a hazy altar of Hepliaklqana.
  5124 | D:6      | Found a staircase to the Ecumenical Temple.
  5153 | D:6      | Noticed Dowan
  5153 | D:6      | Noticed Duvessa
  5225 | D:6      | Killed Dowan
  5225 | D:6      | Reached *** piety under Trog
  5226 | D:6      | Reached skill level 6 in Axes
  5802 | D:6      | Reached XP level 8. HP: 74/74 MP: 7/7
  6027 | D:6      | Killed Duvessa
  6146 | D:6      | Reached skill level 7 in Axes
  6469 | D:6      | Found a sacrificial altar of Ru.
  6716 | D:7      | Found a stormy altar of Qazlal.
  6856 | D:7      | Identified a scroll of acquirement
  6856 | D:7      | Acquired a manual of Axes
  6864 | D:7      | Found a runed translucent gate.
  6864 | D:7      | Found a runed translucent gate.
  6888 | D:6      | Reached skill level 10 in Fighting
  6908 | D:7      | Found a runed translucent gate.
  6910 | D:7      | Noticed Johnny's ghost (novice DEEE)
  6920 | D:7      | Reached XP level 9. HP: 80/81 MP: 8/8
  6995 | D:7      | Reached **** piety under Trog
  7024 | D:7      | Reached skill level 8 in Axes
  7287 | D:4      | Upgraded the game from 0.27-a0-1290-g15d3ce7508 to
                  | 0.27-a0-1312-g5cdb2b3542
  7739 | D:7      | Acquired the ring of Naamien {rF+ rC+ Str+2 Dex+2}
  8104 | D:8      | Found a snail-covered altar of Cheibriados.
  8247 | D:4      | Bought a +2 arbalest of flaming for 201 gold pieces
  8399 | D:8      | Found a shimmering blue altar of Sif Muna.
  8402 | D:8      | Noticed a centaur warrior
  8410 | D:8      | Killed a centaur warrior
  8411 | D:8      | Reached skill level 9 in Axes
  8693 | D:8      | Found Bivim's Antique Weapon Shoppe.
  8771 | D:9      | Noticed a two-headed ogre
  9037 | D:9      | Found a runed translucent door.
  9044 | D:9      | Reached skill level 10 in Axes
  9045 | D:9      | Found a runed translucent door.
  9076 | D:9      | Found a runed translucent door.
  9101 | D:9      | Noticed an orange crystal statue
  9129 | D:9      | Reached XP level 10. HP: 96/96 MP: 9/9
  9203 | D:9      | Killed a two-headed ogre
  9204 | D:9      | Reached skill level 5 in Crossbows
  9316 | D:9      | Found a runed translucent door.
  9434 | D:9      | Found Veeziut's Book Shoppe.
  9523 | D:10     | Entered Level 10 of the Dungeon
  9614 | D:10     | Found a blossoming altar of Fedhas.
  9624 | D:10     | Found Siunn's Elemental Accessories.
  9645 | D:10     | Reached ***** piety under Trog
  9689 | D:10     | Found a staircase to the Orcish Mines.
  9854 | D:10     | Found a staircase to the Lair.
  9867 | D:10     | Reached skill level 11 in Axes
  9964 | D:10     | Noticed a two-headed ogre
 10071 | D:10     | Killed a two-headed ogre
 10245 | D:11     | Noticed a two-headed ogre
 10266 | D:11     | Killed a two-headed ogre
 10534 | D:11     | Reached skill level 12 in Axes
 10546 | D:11     | Reached XP level 11. HP: 102/104 MP: 10/10
 10681 | D:11     | Reached skill level 10 in Armour
 11321 | D:12     | Found a flagged portal.
 11332 | Bailey   | Entered a bailey
 11332 | Bailey   | Noticed an orc knight
 11337 | Bailey   | Noticed an orc knight
 11342 | Bailey   | Killed an orc knight
 11355 | Bailey   | Killed an orc knight
 11356 | Bailey   | Noticed an orc knight
 11361 | Bailey   | Killed an orc knight
 11709 | D:12     | Reached skill level 13 in Axes
 12187 | D:13     | Noticed an eight-headed hydra
 12190 | D:13     | Killed an eight-headed hydra
 12207 | D:13     | Noticed a boulder beetle
 12226 | D:13     | Killed a boulder beetle
 12227 | D:13     | Reached skill level 10 in Crossbows
 12277 | D:13     | Noticed a boulder beetle
 12301 | D:13     | Killed a boulder beetle
 12349 | D:13     | Noticed a centaur warrior
 12370 | D:13     | Killed a centaur warrior
 12489 | Lair:1   | Entered Level 1 of the Lair of Beasts
 12493 | Lair:1   | Reached XP level 12. HP: 108/115 MP: 11/11
 12709 | Lair:1   | Reached skill level 14 in Axes
 12831 | Lair:1   | Found the +2 robe of Vines {NoPotionHeal Regen+++}
 12832 | Lair:1   | Noticed a five-headed hydra
 12837 | Lair:1   | Killed a five-headed hydra
 12843 | Lair:1   | Noticed a four-headed hydra
 12847 | Lair:1   | Killed a four-headed hydra
 13460 | Lair:2   | Noticed a six-headed hydra
 13463 | Lair:2   | Killed a six-headed hydra
 13603 | Lair:2   | Reached skill level 15 in Axes
 13645 | Lair:2   | Found a gate leading to a gauntlet.
 13654 | Gauntlet | Entered a Gauntlet
 13654 | Gauntlet | Found a transporter.
 13654 | Gauntlet | Found a transporter.
 13654 | Gauntlet | Found a runed translucent door.
 13657 | Gauntlet | Found a runed translucent door.
 13667 | Gauntlet | Found a transporter.
 13684 | Gauntlet | Found a transporter.
 13684 | Gauntlet | Found a transporter.
 13687 | Gauntlet | Found a transporter.
 13687 | Gauntlet | Found a transporter.
 13688 | Gauntlet | Found a transporter.
 13691 | Gauntlet | Noticed a great orb of eyes
 13700 | Gauntlet | Found a transporter.
 13716 | Gauntlet | Found a transporter.
 13726 | Gauntlet | Found a transporter.
 13743 | Gauntlet | Found a transporter.
 13763 | Gauntlet | Found a transporter.
 13772 | Gauntlet | Noticed a tengu warrior
 13775 | Gauntlet | Found a transporter.
 13885 | Gauntlet | Identified the +0 pair of gloves of Marbles {rF+ Dex+4}
 13915 | Gauntlet | Noticed a minotaur
 13923 | Gauntlet | Killed a minotaur
 14825 | Lair:3   | Noticed a seven-headed hydra
 14829 | Lair:3   | Noticed a four-headed hydra
 14833 | Lair:3   | Killed a seven-headed hydra
 14834 | Lair:3   | Reached XP level 13. HP: 107/124 MP: 12/12
 15183 | Lair:4   | Received a gift from Trog
 15223 | Lair:4   | Found a hole to the Spider Nest.
 15938 | Lair:4   | Found a staircase to the Swamp.
 16230 | Lair:5   | Reached skill level 16 in Axes
 16693 | Lair:5   | You fall into a shaft and drop 1 floor!
 16693 | Lair:6   | Entered Level 6 of the Lair of Beasts
 16775 | Lair:6   | Received a gift from Trog
 16847 | Lair:6   | Reached XP level 14. HP: 129/133 MP: 13/13
 16909 | Lair:6   | Reached skill level 15 in Fighting
 17376 | Lair:6   | Found a runed translucent door.
 17380 | Lair:6   | Noticed 27snakeeyes612's ghost (journeyman GnFi)
 17464 | Lair:6   | Found a staircase to the Slime Pits.
 17468 | Lair:6   | Received a gift from Trog
 17809 | Lair:6   | Reached skill level 15 in Crossbows
 18303 | Lair:6   | Found a viscous altar of Jiyva.
 18881 | D:13     | Reached skill level 17 in Axes
 19536 | D:13     | Found the +6 arbalest "Damnation" {damnation}
 19539 | D:13     | Reached XP level 15. HP: 143/143 MP: 14/14
 19990 | D:13     | Received a gift from Trog
 20193 | D:14     | Identified the +5 trident of Spite {protect, rC+}
 20205 | D:14     | Found a gate to the Vaults.
 20796 | D:4      | Bought the +6 quarterstaff of the Valley of Death {venom,
                  | rCorr MP-9 Str+2} for 348 gold pieces
 20796 | D:4      | Bought 12 bolts for 24 gold pieces
 20796 | D:4      | Bought the +8 morningstar "Azohuf" {freeze, rC+++} for 892
                  | gold pieces
 21227 | D:15     | Entered Level 15 of the Dungeon
 21257 | D:15     | Noticed a frost giant
 21263 | D:15     | Killed a frost giant
 21330 | D:15     | Paralysed by a floating eye for 4 turns
 21365 | D:15     | Noticed Kirke
 21381 | D:15     | Killed Kirke
 21385 | D:15     | Identified the ring of Dypsucs {rElec rPois rF+ rC+ Dex+6}
 21409 | D:15     | Found a hazy altar of Hepliaklqana.
 21462 | D:15     | Reached skill level 15 in Armour
 21564 | D:15     | Noticed a frost giant
 21574 | D:15     | Killed a frost giant
 21684 | D:15     | Identified the ring "Kaloiq" {rC- Int+6 Dex+5}
 21709 | D:15     | Found a sacrificial altar of Ru.
 21736 | D:15     | Paralysed by a floating eye for 2 turns
 21738 | D:15     | Received a gift from Trog
 21877 | D:15     | Identified the ring "Hoxtaun" {rElec EV+4}
 21892 | D:15     | Found a blossoming altar of Fedhas.
 21997 | D:15     | Found a staircase to the Depths.
 22038 | D:15     | Reached skill level 18 in Axes
 22049 | D:15     | Found a transporter.
 22057 | D:15     | Reached XP level 16. HP: 141/152 MP: 15/15
 22389 | D:15     | Found a transporter.
 22604 | Orc:1    | Entered Level 1 of the Orcish Mines
 22873 | Orc:1    | Found a runed translucent door.
 22874 | Orc:1    | Found a shimmering altar of Xom.
 22874 | Orc:1    | Noticed cirn0's ghost (journeyman DECj)
 23328 | Orc:2    | Entered Level 2 of the Orcish Mines
 23347 | Orc:2    | Received a gift from Trog
 23366 | Orc:2    | Found a staircase to the Elven Halls.
 23945 | Orc:2    | Found Heod's General Store.
 23945 | Orc:2    | Found Keniz's Armour Emporium.
 23947 | Orc:2    | Found Elec's Assorted Antiques.
 23947 | Orc:2    | Found Ketiumy's Magic Scroll Emporium.
 23960 | Orc:2    | Bought a scroll of acquirement for 780 gold pieces
 23960 | Orc:2    | Acquired 1051 gold pieces
 23967 | Orc:2    | Bought a scroll of acquirement for 780 gold pieces
 23967 | Orc:2    | Acquired the +4 executioner's axe of Insufficient Pleasure
                  | {drain, Fly rElec rC+ Dex-2}
 23987 | Orc:2    | Bought a potion of haste for 150 gold pieces
 23990 | Orc:2    | Bought a scroll of blinking for 112 gold pieces
 24201 | Swamp:1  | Entered Level 1 of the Swamp
 24208 | Swamp:1  | Received a gift from Trog
 24638 | Swamp:2  | Noticed a thorn hunter
 24642 | Swamp:2  | Killed a thorn hunter
 25486 | Swamp:3  | Reached skill level 19 in Axes
 25847 | Swamp:3  | Identified the +3 scale mail "Vuno" {rF+ Int+7 Dex+3}
 26144 | Swamp:4  | Entered Level 4 of the Swamp
 26200 | Swamp:3  | Reached XP level 17. HP: 163/163 MP: 16/16
 26418 | Swamp:4  | Received a gift from Trog
 26653 | Swamp:4  | Reached skill level 20 in Axes
 26786 | Swamp:4  | Found a runed translucent gate.
 26796 | Swamp:4  | Noticed Bapho's ghost (adept GnCj)
 26797 | Swamp:4  | Found a runed translucent gate.
 26797 | Swamp:4  | Noticed a tentacled monstrosity
 26798 | Swamp:4  | Found a runed translucent gate.
 26863 | Swamp:4  | Got a decaying rune of Zot
 27285 | D:13     | Upgraded the game from 0.27-a0-1312-g5cdb2b3542 to
                  | 0.27-a0-1358-ga0a28fc8c3
 27668 | D:11     | Upgraded the game from 0.27-a0-1358-ga0a28fc8c3 to
                  | 0.27-a0-1365-ge71e8f7681
 27933 | Spider:1 | Entered Level 1 of the Spider Nest
 27992 | Spider:1 | Identified the -3 tower shield "Baozeop" {Harm rN+ Will+}
 27992 | Spider:1 | Noticed Louise
 28095 | Lair:4   | Killed Louise
 28705 | Spider:1 | Identified the +9 whip of Perfectionism {speed, rN+ Dex+5}
 28837 | Spider:1 | Received a gift from Trog
 30308 | Spider:3 | Found a frozen archway.
 30317 | IceCv    | Entered an ice cave
 30625 | IceCv    | Reached ****** piety under Trog
 30625 | IceCv    | Received a gift from Trog
 30771 | IceCv    | Reached skill level 21 in Axes
 30826 | IceCv    | Noticed an Ice Fiend
 30831 | IceCv    | Killed an Ice Fiend
 30832 | IceCv    | Reached XP level 18. HP: 145/174 MP: 17/17
 30854 | IceCv    | Identified the -2 pair of gloves of Adoarah {+Blink rPois
                  | rC+}
 31275 | Spider:3 | Reached skill level 1 in Evocations
 31393 | Spider:3 | Noticed Arachne
 31401 | Spider:3 | Killed Arachne
 32095 | Spider:4 | Entered Level 4 of the Spider Nest
 32209 | Spider:4 | Noticed Mara
 32210 | Spider:4 | Noticed AarnesTheHuman's illusion
 32243 | Spider:4 | Killed Mara
 32654 | Spider:4 | Received a gift from Trog
 33197 | Spider:4 | Lost intelligence.
 34561 | Vaults:1 | Entered Level 1 of the Vaults
 34607 | Vaults:1 | Noticed Aizul
 34620 | D:14     | Killed Aizul
 34620 | D:14     | Received a gift from Trog
 34778 | Vaults:1 | Reached skill level 22 in Axes
 35195 | Spider:4 | HP: 13/264 [emperor scorpion (13)]
 35198 | Spider:4 | HP: 5/264 [poisoned by a ghost moth]
 35198 | Spider:4 | Mangled by a hornet

Illustrated notes

Levels and vault maps discovered:
D:1:      lightli_molten_gateway, layout_loops_ring, kennysheep_nondescript,
          chequers_serial_rivers_small_3
D:2:      layout_rooms, hellmonk_ecumenical_altar_lost_god, basic_altar
D:3:      minmay_roachtagon, layout_basic, gammafunk_temple_overflow_claw
D:4:      layout_cave_pools, serial_shops, shop, shop, nicolae_shop_statue_plus,
          shop, shop_fountains
D:5:      layout_basic, cheibrodos_sewer_entry_bend
D:6:      layout_basic, general_overflow_altar, okawaru_ov_weapons_minmay,
          lemuel_coloured_pillars_altar, minmay_temple_entry_gardened_gates,
          minmay_a_box_with_orc_wizards_in_it, uniq_duvessa
D:7:      layout_loops_ring, amcnicky_altar_gilded, gammafunk_ghost_necromancy
D:8:      layout_loops_cross, nicolae_sif_muna_condensation,
          kennysheep_slug_shrine, serial_shops, nicolae_lakefront_shop
D:9:      layout_rooms, serial_shops, kennysheep_mini,
          minmay_statue_crystal_thing
D:10:     layout_rooms, lemuel_crystal_altar, lair_entry_dummy, david_orc_2,
          nicolae_elemental_shop
D:11:     layout_gridville
D:12:     layout_loops_ring, enter_bailey_4
D:13:     minmay_bubble_buster, layout_gridville, hellmonk_bongcloud_opening,
          hellmonk_guarded_unrand_damnation
D:14:     cheibrodos_orc_bank, layout_rooms, david_vaults_2,
          minmay_misc_feat_plants
D:15:     hangedman_spin_cycle
Lair:1:   kb_forest_paths, layout_big_grid, hellmonk_guarded_unrand_vines
Lair:2:   layout_hall_layers, gauntlet_entry_generic, serial_bayou_shore_b,
          lemuel_fruit_fields
Lair:3:   layout_gridlike, chequers_serial_rivers_small_3, minivault_23,
          lemuel_fruit_fields
Lair:4:   layout_regular_city, minmay_swamp_entry_swarm,
          spider_nest_entry_rubble
Lair:5:   layout_gridlike, serial_bayou_shore_b, lemuel_fruit_fields,
          lemuel_fruit_fields
Lair:6:   due_jungle_book, layout_gridlike, slime_altar_1,
          ebering_ghost_inner_flame, special_room [special_room_mythical_zoo]
Swamp:1:  layout_basic_swamp, evilmike_swamp_ruin_house_2, uniq_kirke
Swamp:2:  layout_falls_marsh, nicolae_swamp_bean_lake, infiniplex_staircase_pool
Swamp:3:  layout_basic_swamp, hangedman_swamp_ruin_wall, swamp_pool5,
          nicolae_swamp_necromancer_hut
Swamp:4:  swamp, layout_basic_swamp, gammafunk_ghost_split
Spider:1: layout_spider_delve, nicolae_spider_webs_and_nodes, drop_trap,
          uniq_louise
Spider:2: layout_spider_delve, nicolae_spider_cling_halls
Spider:3: layout_spider_delve, portal_ice_cave_entry_pillars_three,
          einodemon_crawler_minivault, uniq_arachne
Spider:4: spider_rune_water, uniq_mara
Orc:1:    layout_caves, ebering_ghost_xom, basic_altar, mines1_david
Orc:2:    grunt_orc_tribal_feast, layout_caves, nicolae_orc_flooded_monolith
Vaults:1: vaults_room_fours, vaults_room_grid, ontoclasm_vaults_claustrophobia,
          ontoclasm_vaults_ring_large, ontoclasm_vaults_ring_small, v_misc_23,
          nicolae_vaults_little_squares_1, ontoclasm_vaults_pinch,
          vaults_room_hallway, ontoclasm_vaults_fault, vaults_mumra_minichess,
          vaults_room_door_hall, nicolae_vaults_asterisk, vaults_dpeg_hooks,
          vaults_room_door_ring, nicolae_vaults_little_squares_6,
          layout_vaults_ring, serial_shops, nicolae_square_shop, uniq_aizul,
          uniq_donald, uniq_nikola

Skill      XL: |  1  2  3  4  5  6  7  8  9 10 11 12 13 14 15 16 17 18 |
---------------+-------------------------------------------------------+-----
Fighting       | 4 5 6 8 10 11 12 13 14 15 16 17 18 19 | 19.4
Axes           | 4 5 6 7 10 12 13 15 16 17 18 19 21 22 | 22.1
Armour         | 3 4 5 7 8 9 11 12 13 14 15 16 17 18 | 18.5
Dodging        | 3 4 |  4.2
Crossbows      | 4 7 10 12 14 15 17 18 | 18.0
Evocations     | 4 |  4.5

Action                   |  1- 3 |  4- 6 |  7- 9 | 10-12 | 13-15 | 16-18 || total
-------------------------+-------+-------+-------+-------+-------+-------++-------
Melee: Hand axe          |   103 |    52 |       |       |       |       ||   155
       Headbutt          |    10 |    21 |    42 |    58 |   144 |   221 ||   496
       War axe           |       |    68 |   143 |   150 |       |       ||   361
       Battleaxe         |       |       |       |    94 |   471 |    74 ||   639
       Executioner's axe |       |       |       |       |       |   615 ||   615
 Fire: Shortbow          |       |       |     6 |       |       |       ||     6
       Arbalest          |       |       |     5 |   122 |   203 |   322 ||   652
Throw: Dart              |       |       |     1 |       |       |       ||     1
Invok: Berserk           |       |     1 |     3 |     1 |     1 |     2 ||     8
       Trog's Hand       |       |       |       |     3 |     6 |    10 ||    19
       Brothers in Arms  |       |       |       |     1 |     2 |     9 ||    12
Evoke: Condenser vane    |       |       |       |       |       |     1 ||     1
  Use: Scroll            |       |     6 |    11 |     8 |     4 |     7 ||    36
       Potion            |       |       |       |     1 |       |     1 ||     2
 Stab: Petrified         |       |       |       |       |     2 |       ||     2
       Distracted        |       |       |       |       |     1 |     1 ||     2
       Invisible         |       |       |       |       |       |     7 ||     7
Armor: Scale mail        |    49 |    72 |    85 |   153 |   252 |       ||   611
       Animal skin       |     1 |       |       |       |       |       ||     1
       Crystal plate arm |       |       |       |       |   180 |  1090 ||  1270
Dodge: Dodged            |    59 |    72 |    91 |   128 |   259 |   525 ||  1134

Table legend: (Time is in decaauts)
 A = Elapsed time spent in this place.
 B = Non-inter-level travel time spent in this place.
 C = Inter-level travel time spent in this place.
 D = Time resting spent in this place.
 E = Time spent auto-exploring this place.
 F = Levels seen in this place.
 G = Mean time per level.
                   A        B        C        D        E       F      G
               +--------+--------+--------+--------+--------+-----+--------+
         Total |  36195 |  31818 |   4377 |   6524 |  10918 |  36 | 1005.4 |
       Dungeon |  17255 |  14560 |   2695 |   2501 |   5697 |  15 | 1150.3 |
          Lair |   7015 |   5977 |   1038 |    617 |   2808 |   6 | 1169.2 |
         Swamp |   2853 |   2641 |    212 |    363 |    533 |   4 |  713.2 |
   Spider Nest |   6020 |   5644 |    376 |   2836 |   1210 |   4 | 1505.0 |
  Orcish Mines |   1478 |   1425 |     53 |      0 |    424 |   2 |  739.0 |
        Vaults |    164 |    163 |      1 |     16 |      0 |   1 |  164.0 |
         Sewer |    111 |    111 |      0 |     20 |      0 |   1 |  111.0 |
        Bailey |    201 |    201 |      0 |     44 |      0 |   1 |  201.0 |
      Ice Cave |    799 |    799 |      0 |    111 |    245 |   1 |  799.0 |
      Gauntlet |    295 |    295 |      0 |     14 |      0 |   1 |  295.0 |
               +--------+--------+--------+--------+--------+-----+--------+

Top non-repeatable levels by time:
Spider:4: 2317 daAuts
     D:6: 1682 daAuts
  Lair:4: 1561 daAuts
  Lair:6: 1529 daAuts
Spider:3: 1416 daAuts
    D:13: 1406 daAuts
Spider:2: 1347 daAuts
    D:14: 1334 daAuts
     D:1: 1295 daAuts
    D:15: 1200 daAuts
     D:2: 1181 daAuts
    D:11: 1159 daAuts
     D:5: 1154 daAuts
  Lair:1: 1135 daAuts
    D:10: 1103 daAuts
